AoeStats
← DENON

Four Lakes

510147871Analyzed
1v1 RM · 3d ago on Sep 29, 2026· 33m 14s· 2 players
Game mode
Random Map
Map size
Tiny (2 player)
Population
200
Speed
Normal
Resources
Standard
Victory
Conquest
Starting age
Dark Age
Ending age
Imperial Age
RankedLock teamsTeams togetherTeam positionsShared explorationLock speedFull tech treeHidden civsTurbo modeCheats
Victory
Defeat
🇺🇸 Slavs · United States
770
+14
🇹🇷 Turks · Türkiye
730
-14
izban104
3:02 Loom
10:12 Feudal Age
12:09 Wheelbarrow
12:45 Town Watch
12:47 Loom
12:48 Town Watch
13:02 Gold Mining
18:31 Fletching
18:51 Padded Archer Armor
23:42 Double-Bit Axe
23:49 Stone Mining
27:02 Forging
26:53 Scale Mail Armor
DENON
4:13 Loom
10:27 Feudal Age
12:02 Double-Bit Axe
11:59 Horse Collar
14:08 Bloodlines
21:41 Castle Age
21:11 Forging
21:07 Scale Barding Armor
29:20 Chain Barding Armor
29:36 Iron Casting
31:47 Husbandry
Connection lost

Rejoining the realm…

Still unreachable

The connection could not be restored.

Session expired

The server has moved on; the page needs a fresh start.